 Dungeon Crawl Stone Soup version 0.29-a0-1027-gcd8c55af63 (webtiles) character file.

Game seed: 957307532675026654

59 gabitoon the Digger (level 3, 0/26 HPs)
             Began as a Draconian Earth Elementalist on Aug 13, 2022.
             Was an Initiate of Hepliaklqana.
             Slain by a gnoll
             ... wielding a +0 club
              (2 damage)
             ... on level 3 of the Dungeon on Aug 14, 2022.
             The game lasted 00:38:53 (1262 turns).

gabitoon the Digger (Draconian Earth Elementalist)  Turns: 1262, Time: 00:38:54

Health: 0/26       AC:  5    Str: 12    XL:     3   Next: 78%
Magic:  0/7        EV: 12    Int: 15    God:    Hepliaklqana [......]
Gold:   65         SH:  0    Dex: 11    Spells: 6/7 levels left

rFire   . . .      SeeInvis .   g - +0 dagger
rCold   . . .      Faith    .   (no shield)
rNeg    . . .      Spirit   .   (body armour unavailable)
rPois   .          Reflect  .   (helmet restricted)
rElec   .          Harm     .   (no cloak)
rCorr   .          Rampage  .   (no gloves)
Will    .....                   (no boots)
Stlth   ++........              (no amulet)
HPRegen 0.08/turn               (no ring)
MPRegen 0.10/turn               (no ring)

@: no status effects
A: AC +5, unfitting armour, cold-blooded
a: Renounce Religion


You were on level 3 of the Dungeon.
You worshipped Hepliaklqana.
Hepliaklqana was noncommittal.
You visited 1 branch of the dungeon, and saw 4 of its levels.

You collected 65 gold pieces.

Inventory:

Hand Weapons
 b - a +0 club
 g - a +0 dagger (weapon)
 h - a +0 hand axe
 i - a +0 long sword
 k - a +0 whip
Missiles
 l - 6 poisoned darts (quivered)
 m - 4 curare-tipped darts
Armour
 c - a +0 leather armour
Scrolls
 e - a scroll of amnesia {unknown}
 f - 2 scrolls of identify {unknown}
 n - a scroll of noise {unknown}
Potions
 a - a potion of magic
 d - a potion of attraction {unknown}
 j - a potion of ambrosia {unknown}


   Skills:
 + Level 1.9 Dodging
 - Level 2.0 Stealth
 * Level 2.9 Spellcasting
 + Level 1.0 Transmutations
 * Level 3.9 Earth Magic


You had 6 spell levels left.
You knew the following spells:

 Your Spells              Type           Power      Damage    Failure   Level
a - Sandblast             Erth           28%        2d8       4%          1

Your spell library contained the following spells:

 Spells                   Type           Power      Damage    Failure   Level
 Passwall                 Tmut/Erth      7%         N/A       11%         2
 Stone Arrow              Conj/Erth      16%        3d8       26%         3
 Ensorcelled Hibernation  Hex/Ice        4%         N/A       30%         2
 Portal Projectile        Hex/Tloc       4%         N/A       52%         3
 Swiftness                Air            2%         N/A       52%         3
 Tukima's Dance           Hex            2%         N/A       52%         3
 Petrify                  Tmut/Erth      9%         N/A       58%         4
 Blade Hands              Tmut           2%         N/A       98%         5


Dungeon Overview and Level Annotations

Branches:
Dungeon (4/15)
 Temple: D:4-7

Altars:
Hepliaklqana


Innate Abilities, Weirdness & Mutations

Your plain brown scales are hard. (AC +5)
You cannot fit into any form of body armour.
You are cold-blooded and may be slowed by cold attacks.


Message History

Press: ? - help, Shift-Dir - straight line, f/p - gnoll
Aim: a gnoll, wielding a +0 club (heavily wounded, 84% to hit)
The blast of sand misses the gnoll.
The blast of sand hits the gnoll.
You kill the gnoll!
The gnoll barely misses you. The gnoll closely misses you.
Casting: Sandblast (safe; 4% risk of failure)
Confirm with . or Enter, or press ? or * to list all spells.
Aiming: Sandblast (safe; 4% risk of failure)
Press: ? - help, Shift-Dir - straight line, f/p - gnoll
Aim: a gnoll, wielding a +0 club (heavily wounded, 84% to hit)
The blast of sand hits the gnoll!
You kill the gnoll!
The gnoll hits you but does no damage.
Casting: Sandblast (safe; 4% risk of failure)
Confirm with . or Enter, or press ? or * to list all spells.
Aiming: Sandblast (safe; 4% risk of failure)
Press: ? - help, Shift-Dir - straight line, f - gnoll
Aim: a gnoll, wielding a +0 club (84% to hit)
The blast of sand hits the gnoll but does no damage.
The gnoll hits you with a +0 club. x2
* * * LOW HITPOINT WARNING * * *
Casting: Sandblast (safe; 4% risk of failure)
Confirm with . or Enter, or press ? or * to list all spells.
Aiming: Sandblast (safe; 4% risk of failure)
Press: ? - help, Shift-Dir - straight line, f/p - gnoll
Aim: a gnoll, wielding a +0 club (84% to hit)
The blast of sand hits the gnoll.
The gnoll is heavily wounded.
The gnoll completely misses you. The gnoll barely misses you.
Casting: Sandblast (safe; 4% risk of failure)
Confirm with . or Enter, or press ? or * to list all spells.
Aiming: Sandblast (safe; 4% risk of failure)
Press: ? - help, Shift-Dir - straight line, f/p - gnoll
Aim: a gnoll, wielding a +0 club (heavily wounded, 84% to hit)
The blast of sand misses the gnoll.
The blast of sand hits the gnoll.
You kill the gnoll!
The gnoll hits you with a +0 club.
* * * LOW HITPOINT WARNING * * *
The gnoll hits you with a +0 club.
You die...

## .# ###### # .# #....#
.#
.#######....######..#...
.'.....'....'...@g).....
.#.#####....######..#...
.+... +....+ .... .#.###
#....# .... ....
........ ... ....
.......... ..
#............... .
....###.#######.


You could see a gnoll.

Vanquished Creatures
  Natasha (D:2)
  3 gnolls (D:3)
  A giant cockroach (D:1)
  3 goblins
  3 hobgoblins
  A quokka (D:3)
  A frilled lizard (D:2)
  3 kobolds
16 creatures vanquished.

Vanquished Creatures (others)
  2 plants (D:3)
2 creatures vanquished.

Grand Total: 18 creatures vanquished

Notes
Turn   | Place    | Note
-------+----------+-------------------------------------------
     0 | D:1      | gabitoon the Draconian Earth Elementalist began the quest
                  | for the Orb.
     0 | D:1      | Reached XP level 1. HP: 14/14 MP: 3/3
   619 | D:2      | Reached XP level 2. HP: 10/20 MP: 0/5
   862 | D:2      | Noticed Natasha
   866 | D:2      | Noticed a crimson imp
   872 | D:2      | Killed Natasha
   873 | D:2      | Reached XP level 3. HP: 11/26 MP: 1/6
  1067 | D:3      | Found a hazy altar of Hepliaklqana.
  1090 | D:3      | Became a worshipper of Hepliaklqana the Forgotten
  1153 | D:4      | Noticed a killer bee
  1153 | D:4      | Noticed a killer bee
  1154 | D:4      | Noticed a killer bee
  1154 | D:4      | Noticed a killer bee
  1154 | D:4      | Noticed a killer bee
  1155 | D:4      | Noticed a killer bee
  1262 | D:3      | Slain by a gnoll

Illustrated notes

Levels and vault maps discovered:
D:1:      dpeg_arrival_ratfight, layout_rooms, serial_co_window_serial,
          co_window_corner_a, co_window_corner_a, co_window_paths_a,
          co_window_paths_b, co_window_paths_a, co_window_unsneaky_path_b,
          co_window_of_opportunity_b, co_window_unsneaky_path_e,
          co_window_of_opportunity_b, co_window_of_opportunity_b,
          co_window_corner_b, co_window_broadway_a, glass_columns_b,
          glass_columns_a, glass_columns_a, glass_columns_b
D:2:      layout_rooms, basic_altar, serial_forest, infiniplex_forest_lined_3,
          infiniplex_forest_lined_2, infiniplex_forest_straight_2,
          infiniplex_forest_lined_3_way, infiniplex_forest_straight_2,
          infiniplex_forest_end_double, uniq_natasha, uniq_jessica
D:3:      layout_basic, nicolae_hepliaklqana_hazy_memory,
          nicolae_wu_jian_glorious_leap, chequers_serial_rivers_micro_d
D:4:      layout_cave_pools, lemuel_doored_altar, serial_shops,
          nicolae_shop_statue_plus

Skill      XL: |  1 |
---------------+----+-----
Stealth        | 2 |  2.0
Dodging        | |  1.9
Spellcasting   | |  2.9
Transmutations | |  1.0
Earth Magic    | |  3.9

Action                   || total
-------------------------++-------
Melee: Unarmed           ||    18
       Dagger            ||    18
       Tailslap          ||     5
Throw: Stone             ||     1
 Cast: Sandblast         ||    27
  Use: Potion            ||     1
Armor: Skin              ||    11
Dodge: Dodged            ||    40

Table legend: (Time is in decaauts)
 A = Elapsed time spent in this place.
 B = Non-inter-level travel time spent in this place.
 C = Inter-level travel time spent in this place.
 D = Time resting spent in this place.
 E = Time spent auto-exploring this place.
 F = Levels seen in this place.
 G = Mean time per level.
                   A        B        C        D        E       F      G
               +--------+--------+--------+--------+--------+-----+--------+
         Total |   1275 |   1275 |      0 |    618 |     28 |   4 |  318.8 |
       Dungeon |   1275 |   1275 |      0 |    618 |     28 |   4 |  318.8 |
               +--------+--------+--------+--------+--------+-----+--------+

Top non-repeatable levels by time:
     D:1: 546 daAuts
     D:2: 504 daAuts
     D:3: 221 daAuts
     D:4: 3 daAuts
